 Dungeon Crawl Stone Soup version bcrawl-1.39.1 (webtiles) character file.

Game seed: 8736278900953597295

205937 maxinsky the Slasher (level 9, -1/69 HPs)
             Began as a Human Fighter on Sept 8, 2023.
             Was a Follower of Makhleb.
             Slain by a wyvern (3 damage)
             ... on level 5 of the Dungeon on Sept 9, 2023.
             The game lasted 00:54:47 (6272 turns).

maxinsky the Slasher (Human Fighter)                Turns: 6272, Time: 00:54:48

Health: -1/69      AC:  9    Str: 18    XL:     9   Next: 0%
Magic:  12/12      EV:  7    Int: 10    God:    Makhleb [*.....]
Gold:   417        SH: 11    Dex: 13    Spells: 8/8 levels left

rFire    . . .     GDR:     29% a - +0 long sword
rCold    . . .     SeeInvis .   c - +0 medium shield
rNeg     . . .     Gourm    .   b - +0 scale mail
rPois    .         Faith    .   v - +0 helmet
rElec    .         Spirit   .   (no cloak)
rCorr    +         Reflect  .   (no gloves)
MR       .....                  F - +0 pair of boots
Stlth    ..........             (no amulet)
HPRegen  0.21/turn              m - ring of resist corrosion
MPRegen  0.13/turn              (no ring)

@: no status effects
A: no striking features
a: Minor Destruction, Renounce Religion


You were on level 5 of the Dungeon.
You worshipped Makhleb.
Makhleb was aware of your devotion.
You were not hungry.

You visited 1 branch of the dungeon, and saw 6 of its levels.

You collected 417 gold pieces.

Inventory:

Hand Weapons
 a - a +0 long sword (weapon)
 f - a +0 dagger
 w - a +0 club
Missiles
 i - 114 javelins (quivered)
Armour
 b - a +0 scale mail (worn)
 c - a +0 medium shield (worn)
 l - a +0 robe
 n - a +0 ring mail
 u - a +0 chain mail
 v - a +0 helmet (worn)
 F - a +0 pair of boots (worn)
Jewellery
 m - a ring of resist corrosion (left hand)
 r - an uncursed ring of stealth {unknown}
 C - an uncursed amulet of the acrobat {unknown}
Scrolls
 o - 2 scrolls of revelation
 q - 2 scrolls of remove curse
 t - a scroll of immolation {unknown}
 x - a scroll of fear {unknown}
 y - a scroll of teleportation {unknown}
 z - a scroll of fog {unknown}
 A - a scroll of amnesia
 D - a scroll of enchant weapon {unknown}
 E - a scroll of noise {unknown}
 K - a scroll of enchant armour {unknown}
Potions
 d - a potion of might
 g - a potion of agility {unknown}
 h - a potion of mutation {unknown}
 j - 2 potions of brilliance
 k - 3 potions of berserk rage
 p - 2 potions of flight {unknown}
 s - a potion of degeneration {unknown}
 G - 2 potions of lignification {unknown}
 H - 3 potions of resistance {unknown}
 I - a potion of curing
 J - 2 potions of heal wounds {unknown}
Comestibles
 e - 5 rations {!d}


   Skills:
 - Level 5.9 Fighting
 - Level 6.1 Long Blades
 - Level 4.9 Armour
 + Level 2.5 Dodging
 - Level 5.3 Shields
 - Level 5.1 Invocations


You had 8 spell levels left.
You didn't know any spells.
Your spell library contained the following spells:

 Spells                   Type           Power        Failure   Level  Hunger
 Apportation              Tloc           #.....       100%        1    None
 Corona                   Hex            #......      100%        1    None
 Infusion                 Chrm           #.......     100%        1    None
 Sandblast                Erth           #.....       100%        1    None
 Slow                     Hex            #.......     100%        1    None
 Static Discharge         Air            #.....       100%        1    None
 Summon Butterflies       Summ           #.......     100%        1    None
 Shock                    Conj/Air       #......      100%        2    ####...
 Swiftness                Chrm/Air       #.......     100%        2    ####...
 Mephitic Cloud           Conj/Pois/Air  #.......     100%        3    #####..
 Lightning Bolt           Conj/Air       #.......     100%        4    ######.


Dungeon Overview and Level Annotations

Branches:
Dungeon (6/12)
 Temple: D:4-7

Altars:
Ashenzari
Fedhas
Lugonu
Makhleb

Annotations:
D:5 2 transporters, pecorinoman's ghost, novice KoRg


Message History

You closely miss the shadow imp. The wyvern bites you!
You block the shadow imp's attack. The wyvern closely misses you.
Your scale mail prevents you from hitting the shadow imp.
The wyvern bites you. The shadow imp gestures at you.
You struggle to resist.
You closely miss the shadow imp. The wyvern bites you!
The shadow imp grins evilly.
The shadow imp barely misses you. You block the wyvern's attack.
You hit the shadow imp.
The shadow imp is moderately wounded.
The wyvern bites you but does no damage.
You block the shadow imp's attack. The wyvern bites you!
* * * LOW HITPOINT WARNING * * *
The shadow imp hits you.
* * * LOW HITPOINT WARNING * * *
You closely miss the shadow imp.
The shadow imp is moderately wounded.
The wyvern bites you.
You die...

≈♣##
#....###.#####
#######.#....
≈≈P##########.#
#.[.....#####
P≈≈≈# #.......#
#[####### P≈≈♣#
#.#############.#
≈≈≈≈# #.# #......#
≈≈≈≈# #.# #.######
≈≈≈P# #.# #.#
≈≈≈## #.########5#
≈≈≈# #.....♣...@#
≈≈≈## #####P≈≈#l.#
≈≈≈≈# ♣♣♣≈≈P≈#.#
≈≈≈♣♣ ♣P≈≈≈≈P≈.#
≈≈≈♣ ♣≈≈P≈≈≈♣.#
≈P≈♣♣ ♣♣♣≈≈≈≈P≈≈.#
≈≈≈≈♣♣♣≈≈≈≈≈P≈≈♣.#
P≈≈≈P≈PP≈≈≈≈≈≈≈♣.#
≈≈≈≈≈≈≈≈≈≈≈≈≈≈♣..#


You could see a wyvern and a shadow imp.

Vanquished Creatures
  A yak (D:4)
  2 sky beasts (D:5)
  An ice beast (D:5)
  An ogre (D:3)
  A bullfrog (D:5)
  A scorpion (D:2)
  An orc priest (D:5)
  2 crimson imps (D:5)
  A bullfrog skeleton (D:5)
  A hound (D:5)
  A jelly (D:4)
  A quasit (D:5)
  2 iguanas (D:5)
  3 iron imps (D:3)
  3 orc wizards (D:5)
  A hound skeleton (D:4)
  A howler monkey skeleton (D:4)
  6 gnolls (D:3)
  3 adders
  3 oozes
  An adder skeleton (D:4)
  7 worms
  4 dart slugs
  5 leopard geckos
  6 orcs
  3 giant cockroaches
  7 goblins
  8 hobgoblins
  9 jackals (D:3)
  9 kobolds
  2 quokkas
  A bat (D:1)
  3 frilled lizards
  4 rats
105 creatures vanquished.

Vanquished Creatures (others)
  A sky beast (D:5)
1 creature vanquished.

Grand Total: 106 creatures vanquished

Notes
Turn   | Place    | Note
-------+----------+-------------------------------------------
     0 | D:1      | maxinsky the Human Fighter began the quest for the Orb.
     0 | D:1      | Reached XP level 1. HP: 18/18 MP: 1/1
    74 | D:1      | Reached XP level 2. HP: 19/24 MP: 2/2
   290 | D:1      | Reached XP level 3. HP: 30/30 MP: 3/3
   955 | D:2      | Reached XP level 4. HP: 28/38 MP: 4/4
  1155 | D:2      | Found a corrupted altar of Lugonu.
  1163 | D:2      | Found a shattered altar of Ashenzari.
  1168 | D:2      | Found a blossoming altar of Fedhas.
  1974 | D:2      | Reached skill level 5 in Fighting
  1974 | D:2      | Reached XP level 5. HP: 13/44 MP: 5/5
  2383 | D:3      | Noticed an ogre
  2395 | D:3      | HP: 1/46 [ogre/+0 giant club (17)]
  2819 | D:3      | Reached XP level 6. HP: 49/52 MP: 6/6
  2912 | D:3      | Found a burning altar of Makhleb.
  2927 | D:3      | Killed an ogre
  2928 | D:3      | Reached skill level 3 in Long Blades
  3032 | D:3      | Reached skill level 4 in Long Blades
  3054 | D:3      | Reached XP level 7. HP: 15/57 MP: 7/7
  3170 | D:3      | Became a worshipper of Makhleb the Destroyer
  4233 | D:4      | Reached skill level 5 in Long Blades
  4376 | D:5      | Entered Level 5 of the Dungeon
  4535 | D:5      | Reached skill level 6 in Long Blades
  4894 | D:5      | Reached XP level 8. HP: 50/64 MP: 8/8
  4911 | D:5      | Reached skill level 5 in Shields
  5069 | D:5      | Found a transporter.
  5069 | D:5      | Noticed pecorinoman's ghost (novice KoRg)
  5099 | D:5      | Reached * piety under Makhleb
  5310 | D:5      | Found a transporter.
  5348 | D:5      | Noticed a yak
  5376 | D:4      | Killed a yak
  5706 | D:5      | Reached skill level 5 in Invocations
  5775 | D:5      | Reached skill level 1 in Dodging
  5933 | D:5      | Reached XP level 9. HP: 69/69 MP: 12/12
  6271 | D:5      | HP: 1/69 [shadow imp (5)]
  6272 | D:5      | Slain by a wyvern

Skill      XL: |  1  2  3  4  5  6  7  8 |
---------------+-------------------------+-----
Fighting       | 4 5 |  5.9
Armour         | 4 |  4.9
Long Blades    | 4 6 |  6.1
Shields        | 4 5 |  5.3
Invocations    | 5 |  5.1
Dodging        | 2 |  2.5

Action                   |  1- 3 |  4- 6 |  7- 9 || total
-------------------------+-------+-------+-------++-------
Melee: Long sword        |    99 |   227 |   261 ||   587
Throw: Javelin           |       |       |     1 ||     1
Invok: Minor Destruction |       |       |     9 ||     9
  Use: Potion            |     2 |     3 |     1 ||     6
       Scroll            |     1 |     4 |     4 ||     9
  Eat: Chunk             |     3 |    14 |    11 ||    28
       Ration            |       |       |     2 ||     2
Armor: Scale mail        |    36 |    69 |   118 ||   223
Dodge: Dodged            |    14 |    39 |    45 ||    98
Block: Medium shield     |    26 |   102 |   136 ||   264
